 Dungeon Crawl Stone Soup version 0.19-a0-252-g247cc30 (webtiles) character file.

167 Etesian the Skirmisher (level 5, -3/33 HPs)
             Began as a Gargoyle Fighter on May 25, 2016.
             Slain by an ogre
             ... wielding a +0 giant club
              (21 damage)
             ... on level 3 of the Dungeon.
             The game lasted 00:08:32 (3131 turns).

Etesian the Skirmisher (Gargoyle Fighter)           Turns: 3131, Time: 00:08:33

Health: -3/33      AC: 17    Str: 20    XL:     5   Next: 48%
Magic:  5/5        EV:  3    Int:  9    God:
Gold:   104        SH: 13    Dex:  9    Spells: 0 memorised, 4 levels left

rFire  . . .     SeeInvis .     a - +0 flail
rCold  . . .     Gourm    .     w - +0 plate armour
rNeg   + . .     Faith    .     c - +0 shield
rPois  ∞         Spirit   .     p - +0 helmet
rElec  +         Dismiss  .     (no cloak)
rCorr  .         Reflect  +     (no gloves)
SustAt .         Harm     .     (no boots)
MR     .....                    j - +4 amulet of reflection
Stlth  ..........               (no ring)
                                (no ring)

@: not resistant to hostile enchantments, extremely unstealthy
A: negative energy resistance 1, electricity resistance, unbreathing,
petrification resistance, rot immunity, AC +4
a: no special abilities


You were on level 3 of the Dungeon.
You were not hungry.

You visited 1 branch of the dungeon, and saw 3 of its levels.

You collected 104 gold pieces.

Inventory:

Hand Weapons
 a - a +0 flail (weapon)
Missiles
 l - 46 bolts
 q - 5 javelins (quivered)
Armour
 c - a +0 shield (worn)
 p - a +0 helmet (worn)
 w - a +0 plate armour (worn)
Jewellery
 e - an uncursed amulet of guardian spirit {unknown}
 j - a +4 amulet of reflection (around neck)
Scrolls
 b - 3 scrolls of fear
 s - a scroll of teleportation
 u - a scroll of blinking {unknown}
 y - a scroll of remove curse
Potions
 d - a potion of might
 h - a potion of degeneration {unknown}
 i - a potion of magic
 m - a potion of berserk rage
 n - a potion of invisibility
 o - a potion of resistance {unknown}
 r - a potion of lignification {unknown}
 v - a potion of cure mutation {unknown}
 x - a potion of agility
Comestibles
 f - 3 bread rations
 g - 2 beef jerkies
 k - a fruit


   Skills:
 + Level 4.2 Fighting
 * Level 3.5 Maces & Flails
 + Level 4.1 Armour
 + Level 4.2 Shields


You had 4 spell levels left.
You didn't know any spells.

Dungeon Overview and Level Annotations

Branches:
Dungeon (3/15)

Altars:


Innate Abilities, Weirdness & Mutations

You are resistant to torment.
Your stone body is resilient (AC +4).
You are immune to poison.
You resist negative energy. (rN+)
You are resistant to electric shocks. (rElec)
You can survive without breathing.
You are immune to petrification.
You are immune to rotting.


Message History

There is a large open door here.
The ogre completely misses you.
Throwing (i - inventory):
q - 7 javelins (quivered)
Press: ? - help, Shift-Dir - straight line, f - ogre
Aim: an ogre, wielding a giant club (lightly wounded)
You throw a javelin.
The javelin hits the ogre but does no damage.
The ogre is lightly wounded.
You block the ogre's attack.
Throwing (i - inventory):
q - 6 javelins (quivered)
Press: ? - help, Shift-Dir - straight line, f/p - ogre
Aim: an ogre, wielding a giant club (lightly wounded)
You throw a javelin. The javelin hits the ogre.
The ogre is moderately wounded.
You block the ogre's attack.
Your shield and plate armour prevent you from hitting the ogre.
The ogre is moderately wounded.
The ogre hits you with a giant club!!
Ouch! That really hurt!
You die...

#####.#≈......≈#.#
#............
O.....#≈.♣♣♣..≈#.#
##########'##
###.#.'..♣..♣..'.#
#.##
###.#.').♣..♣..'.#
#...
....#.#≈..♣♣♣.≈#.#
#.##
#####.#≈......≈#.#
#.# #.#≈≈≈..≈≈≈#.#
### ######''####O#
#.##..# #@#
#....## #.#
#######.####
#.################
........#
#.................
#########
##################


You could see an ogre.

Vanquished Creatures
  4 adders
  3 gnolls (D:3)
  An ooze (D:3)
  3 worms (D:2)
  3 dart slugs
  A giant gecko (D:2)
  7 orcs (D:3)
  4 bats
  2 giant cockroaches
  8 goblins
  10 hobgoblins
  7 jackals (D:3)
  12 kobolds
  6 giant newts
  6 rats
77 creatures vanquished.

Notes
Turn   | Place    | Note
--------------------------------------------------------------
     0 | D:1      | Etesian the Gargoyle Fighter began the quest for the Orb.
     0 | D:1      | Reached XP level 1. HP: 14/14 MP: 1/1
   140 | D:1      | Reached XP level 2. HP: 7/19 MP: 2/2
   861 | D:1      | Reached XP level 3. HP: 23/23 MP: 3/3
  1492 | D:2      | Reached XP level 4. HP: 24/28 MP: 4/4
  2077 | D:3      | Noticed an ogre
  2650 | D:3      | Reached XP level 5. HP: 32/33 MP: 5/5
  3131 | D:3      | Slain by an ogre

Vault maps used:
D:1:      elethiomel_arrival_quiet
D:2:      st_stairs_2, dk_noncrumbling_2
D:3:      serial_bayou_pond_b, kennysheep_generic_room_7

Skill      XL: |  1  2  3  4  5 |
---------------+----------------+-----
Armour         | 4 |  4.1
Maces & Flails | 3 |  3.5
Shields        | 4 |  4.2
Fighting       | 4 |  4.2

Action                   |  1- 3 |  4- 6 || total
-------------------------+-------+-------++-------
Melee: Flail             |   165 |   161 ||   326
Throw: Javelin           |       |     2 ||     2
  Use: Scroll            |     8 |       ||     8
  Eat: Chunk             |     2 |     6 ||     8
Armor: Scale mail        |    76 |    46 ||   122
       Plate armour      |       |    55 ||    55
Dodge: Dodged            |    57 |    34 ||    91
Block: Shield            |   115 |   122 ||   237
       Reflection        |     3 |       ||     3
